 Dungeon Crawl Stone Soup version 0.31.0-12-g77e489cdc1 (webtiles) character file.

Game seed: 9943906358401813099

29 Gadfly the Trooper (level 3, 14/29 HPs)
             Began as a Demonspawn Monk on Feb 13, 2024.
             Quit the game on level 1 of the Dungeon.
             The game lasted 00:00:39 (338 turns).

Gadfly the Trooper (Demonspawn Monk)                 Turns: 338, Time: 00:00:39

Health: 14/29      AC:  2    Str: 13    XL:     3   Next: 1%
Magic:  3/3        EV: 13    Int: 10    God:
Gold:   51         SH:  0    Dex: 15    Spells: 2/2 levels left

rFire   . .          .
                       - Unarmed
rCold   . . .        c - orb {light}
rNeg    . . .        a - +0 robe
rPois   .            (no helmet)
rElec   .            (no cloak)
rCorr   .            (no gloves)
SInv    .            (no boots)
Will    .....        (no amulet)
Stlth   +            (no ring)
HPRegen 0.24/turn    (no ring)
MPRegen 0.08/turn

%: no passive effects
@: glowing
A: foul stench 1, demonic magic 1
a: no special abilities


You were on level 1 of the Dungeon.
You visited 1 branch of the dungeon, and saw 1 of its levels.

You collected 51 gold pieces.

Inventory:

Armour
 a - a +0 robe (worn)
 c - an orb of light (worn)
Jewellery
 e - a ring of wizardry
Scrolls
 g - a scroll of vulnerability {unknown}
Potions
 b - a potion of ambrosia
 d - a potion of brilliance {unknown}
 f - a potion of mutation {unknown}


   Skills:
 - Level 3.0 Fighting
 + Level 2.9 Dodging
 * Level 3.0 Unarmed Combat
 * Level 1.2 Evocations
 * Level 1.0 Shapeshifting


You had 2 spell levels left.
You didn't know any spells.
Your spell library was empty.

Dungeon Overview and Level Annotations

Branches:
Dungeon (1/15)

Altars:


Innate Abilities, Weirdness & Mutations

You may rarely emit foul miasma when damaged in melee.
Spells you cast may paralyse adjacent enemies.


Message History

You are too injured to fight recklessly!
You are too injured to fight recklessly!
You are too injured to fight recklessly!
You are too injured to fight recklessly!
You are too injured to fight recklessly!
You are too injured to fight recklessly!
You are too injured to fight recklessly!
You are too injured to fight recklessly!
You are too injured to fight recklessly!
Unknown command.
Unknown command.
You hit the kobold.
The kobold is heavily wounded.
You hit the kobold but do no damage.
The kobold is heavily wounded.
The kobold completely misses you.
You hit the kobold but do no damage.
The kobold is heavily wounded.
The kobold misses you.
You hit the kobold.
You kill the kobold!
You hit the rat.
You kill the rat!
You hit the hobgoblin.
The hobgoblin is lightly wounded.
The hobgoblin hits you.
You hit the hobgoblin.
The hobgoblin is heavily wounded.
The hobgoblin hits you but does no damage.
You hit the hobgoblin.
You kill the hobgoblin!
Your Shapeshifting skill increases to level 1!
You have reached level 3!
Your experience leads to an increase in your attributes!
Increase (S)trength, (I)ntelligence, or (D)exterity?
You feel stronger. x2; Your demonic ancestry asserts itself...
A menacing aura infuses your magic.
Things that are here:
a +0 short sword; a +0 scale mail; a rat corpse Are you sure you want to abandon this character and quit the game? (Confirm with "yes".) #.# #.. #.# ## #.# ..# #.## #.# #..
Kr.

#.###.# #.#.g. ##
#@#.###.## #.........
##....##.. #...##
###...####. ##..........
##......#..##
#.#########...#§..##.#
#.#..........#≈#..........


There were no monsters in sight!

Vanquished Creatures
  2 dart slugs (D:1)
  2 ball pythons (D:1)
  3 bats (D:1)
  An endoplasm (D:1)
  2 giant cockroaches (D:1)
  A goblin (D:1)
  4 hobgoblins (D:1)
  2 kobolds (D:1)
  A quokka (D:1)
  2 frilled lizards (D:1)
  3 rats (D:1)
23 creatures vanquished.

Notes
Turn   | Place    | Note
-------+----------+-------------------------------------------
     0 | D:1      | Gadfly the Demonspawn Monk began the quest for the Orb.
     0 | D:1      | Reached XP level 1. HP: 18/18 MP: 1/1
   114 | D:1      | Gained mutation: You may rarely emit foul miasma when
                  | damaged in melee. [demonic ancestry]
   114 | D:1      | Reached XP level 2. HP: 21/24 MP: 2/2
   192 | D:1      | Reached skill level 1 in Evocations
   337 | D:1      | Reached skill level 1 in Shapeshifting
   337 | D:1      | Gained mutation: Spells you cast may paralyse adjacent
                  | enemies. [demonic ancestry]
   337 | D:1      | Reached XP level 3. HP: 14/29 MP: 3/3
   338 | D:1      | Quit the game

Illustrated notes

Levels and vault maps discovered:
D:1:      psy_arrival_dodecagon, layout_rooms, minmay_indecisive_spiral

Skill      XL: |  1  2 |
---------------+-------+-----
Evocations     | 1 |  1.2
Unarmed Combat | 3 |  3.0
Shapeshifting  | 1 |  1.0
Fighting       | |  3.0
Dodging        | |  2.9

Action                     || total
---------------------------++-------
  Melee: Unarmed           ||    70
 Armour: Robe              ||    39
  Dodge: Dodged            ||    49
